3L
VANCOUVER GREY WOLVES @ PANAMA CITY PIRANHAS
09/25/2041
 
TOP OF THE 1ST
Vancouver Grey Wolves batting - Pitching for Panama City Piranhas : RHP Masahiro Sakei
Pitching: RHP Masahiro Sakei
Batting: LHB Yoritomo Sato 0-0: Ball
1-0: SINGLE (Groundball, 2L, EV 65.6 MPH) (infield hit)
Batting: LHB José Arras 0-0: Called Strike
0-1: Ball
1-1: Called Strike
1-2: Ball
2-2: Foul Ball, location: 2F
2-2: Foul Ball, location: 2F
2-2: Foul Ball, location: 2F
2-2: Foul Ball, location: 2F
2-2: SINGLE (Groundball, 4MD, EV 102.5 MPH)
Yoritomo Sato to second
Runner from 2nd tries for 3rd, SAFE, throw by CF made to third
Batting: LHB Robbie Brendle 0-0: Ball
1-0: Ball
2-0: Ball
3-0: Called Strike
3-1: Called Strike
3-2: DOUBLE (Groundball, 3L, EV 110.0 MPH)
Yoritomo Sato scores
José Arras to third
Batting: LHB Javier Sánchez 0-0: Called Strike
0-1: Called Strike
0-2: Fly out, F8 (Line Drive, 8RM, EV 90.0 MPH)
Runner from 3rd tags up, OUT at HOME! 8-2
Robbie Brendle to third
Batting: RHB Rafael Maldonado 0-0: Ball
1-0: Foul Ball, location: 2F
1-1: Foul Ball, location: 2F
1-2: Strikes out looking
Top of the 1st over - 1 run, 3 hits, 0 errors, 1 left on base; Vancouver 1 - Panama City 0
BOTTOM OF THE 1ST
Panama City Piranhas batting - Pitching for Vancouver Grey Wolves : RHP Jason Hartridge
Pitching: RHP Jason Hartridge
Batting: LHB Oasiz Wiesblatt 0-0: Foul Ball, location: 2F
0-1: Called Strike
0-2: Ball
1-2: Foul Ball, location: 2F
1-2: Foul Ball, location: 2F
1-2: Strikes out swinging
Batting: RHB Kieran Hansen 0-0: Called Strike
0-1: DOUBLE (Line Drive, 3D, EV 101.2 MPH)
Batting: RHB Blaze Alexander 0-0: Called Strike
0-1: Ground out 6-3 (Groundball, 6D, EV 108.1 MPH)
Batting: RHB Cleveland Kraut 0-0: Ground out 5-3 (Groundball, 56S, EV 66.2 MPH)
Bottom of the 1st over - 0 runs, 1 hit, 0 errors, 1 left on base; Vancouver 1 - Panama City 0
TOP OF THE 2ND
Vancouver Grey Wolves batting - Pitching for Panama City Piranhas : RHP Masahiro Sakei
Batting: LHB Cameron Woolever 0-0: Foul Ball, location: 2F
0-1: Ball
1-1: Foul Ball, location: 2F
1-2: Ball
2-2: Foul Ball, location: 2F
2-2: Ball
3-2: Foul Ball, location: 2F
3-2: Strikes out swinging
Batting: RHB Phil van Oosterom 0-0: Called Strike
0-1: Swinging Strike
0-2: Strikes out swinging
Batting: RHB David Stone 0-0: Ball
1-0: Ground out 4-3 (Groundball, 4, EV 98.1 MPH)
Top of the 2nd over - 0 runs, 0 hits, 0 errors, 0 left on base; Vancouver 1 - Panama City 0
BOTTOM OF THE 2ND
Panama City Piranhas batting - Pitching for Vancouver Grey Wolves : RHP Jason Hartridge
Batting: RHB Hyeon-cheong Kim 0-0: Called Strike
0-1: Called Strike
0-2: Ground out 3-1 (Groundball, 34, EV 83.8 MPH)
Batting: LHB Ashley Thachi 0-0: Called Strike
0-1: Called Strike
0-2: Ball
1-2: Ball
2-2: Ball
3-2: Strikes out swinging
Batting: RHB Carsello Scruggins 0-0: Ball
1-0: Ball
2-0: SINGLE (Line Drive, 78S, EV 105.6 MPH)
Batting: RHB Chrysler Rodriguez 0-0: Ball
1-0: Ball
2-0: Ball
3-0: Called Strike
3-1: Fly out, F8 (Flyball, 8LM, EV 75.6 MPH)
Bottom of the 2nd over - 0 runs, 1 hit, 0 errors, 1 left on base; Vancouver 1 - Panama City 0
TOP OF THE 3RD
Vancouver Grey Wolves batting - Pitching for Panama City Piranhas : RHP Masahiro Sakei
Batting: RHB Kevin Malone 0-0: Called Strike
0-1: Ball
1-1: Swinging Strike
1-2: Fly out, F4 (Line Drive, 4, EV 75.0 MPH)
Batting: LHB Yoritomo Sato 0-0: Ball
1-0: Swinging Strike
1-1: Swinging Strike
1-2: Strikes out swinging
Batting: LHB José Arras 0-0: Ball
1-0: Called Strike
1-1: Ball
2-1: Foul Ball, location: 2F
2-2: Ground out 6-3 (Groundball, 6, EV 99.4 MPH)
Top of the 3rd over - 0 runs, 0 hits, 0 errors, 0 left on base; Vancouver 1 - Panama City 0
BOTTOM OF THE 3RD
Panama City Piranhas batting - Pitching for Vancouver Grey Wolves : RHP Jason Hartridge
Batting: RHB Luke Thornton 0-0: Called Strike
0-1: Foul Ball, location: 2F
0-2: Ball
1-2: Strikes out swinging
Batting: LHB Oasiz Wiesblatt 0-0: Ball
1-0: Ball
2-0: SINGLE (Groundball, 34D, EV 104.4 MPH)
Batting: RHB Kieran Hansen 0-0: Ball
1-0: Ball
2-0: Ball
3-0: Called Strike
3-1: Called Strike
3-2: Base on Balls
Oasiz Wiesblatt to second
Batting: RHB Blaze Alexander 0-0: Called Strike
0-1: Ball
1-1: Fly out, F5 (Popup, 6S, EV 80.6 MPH)
Batting: RHB Cleveland Kraut 0-0: Fly out, F9 (Line Drive, 9, EV 108.8 MPH)
Bottom of the 3rd over - 0 runs, 1 hit, 0 errors, 2 left on base; Vancouver 1 - Panama City 0
TOP OF THE 4TH
Vancouver Grey Wolves batting - Pitching for Panama City Piranhas : RHP Masahiro Sakei
Batting: LHB Robbie Brendle 0-0: Ball
1-0: Ball
2-0: Ground out 4-3 (Groundball, 4, EV 106.2 MPH)
Batting: LHB Javier Sánchez 0-0: SINGLE (Line Drive, 78S, EV 103.8 MPH)
Batting: RHB Rafael Maldonado 0-0: Ball
1-0: Ball
2-0: Fly out, F2 (Popup, 25F, EV 87.5 MPH)
Batting: LHB Cameron Woolever 0-0: Ball
1-0: Foul Ball, location: 2F
1-1: Ball
2-1: Foul Ball, location: 2F
2-2: Fly out, F7 (Flyball, 7S, EV 91.2 MPH)
Top of the 4th over - 0 runs, 1 hit, 0 errors, 1 left on base; Vancouver 1 - Panama City 0
BOTTOM OF THE 4TH
Panama City Piranhas batting - Pitching for Vancouver Grey Wolves : RHP Jason Hartridge
Batting: RHB Hyeon-cheong Kim 0-0: Swinging Strike
0-1: Foul Ball, location: 2F
0-2: Foul Ball, location: 2F
0-2: Ball
1-2: Ball
2-2: Ball
3-2: SOLO HOME RUN (Flyball, 7D, EV 91.2 MPH), Distance : 356 ft
Batting: LHB Ashley Thachi 0-0: Called Strike
0-1: Ball
1-1: Reached on error, E5 (Groundball, 56S, EV 75.6 MPH)
Batting: RHB Carsello Scruggins 0-0: Called Strike
0-1: Ball
1-1: Ball
2-1: Ball
3-1: Foul Ball, location: 2F
3-2: Foul Ball, location: 2F
3-2: Strikes out swinging
Batting: RHB Chrysler Rodriguez 0-0: Fly out, F5 (Popup, 5F, EV 70.6 MPH)
Batting: RHB Luke Thornton 0-0: Called Strike
0-1: Ball
1-1: Ball
2-1: Ground out 1-3 (Groundball, 15, EV 71.9 MPH)
Bottom of the 4th over - 1 run, 1 hit, 1 error, 1 left on base; Vancouver 1 - Panama City 1
TOP OF THE 5TH
Vancouver Grey Wolves batting - Pitching for Panama City Piranhas : RHP Masahiro Sakei
Batting: RHB Phil van Oosterom 0-0: Ball
1-0: Ball
2-0: Ball
3-0: Base on Balls
Batting: RHB David Stone 0-0: Called Strike
0-1: Ball
1-1: Called Strike
1-2: Ball
2-2: Ball
3-2: SINGLE (Groundball, 6MD, EV 98.1 MPH)
Phil van Oosterom to second
Runner from 2nd tries for 3rd, SAFE, no throw by CF
Batting: RHB Kevin Malone 0-0: Called Strike
0-1: Fly out, F3 (Popup, 3SF, EV 73.1 MPH)
Batting: LHB Yoritomo Sato 0-0: Called Strike
0-1: Called Strike
0-2: SINGLE (Groundball, 56S, EV 71.2 MPH) (infield hit)
Phil van Oosterom scores
David Stone to second
Batting: LHB José Arras 0-0: Called Strike
0-1: Fly out, F8 (Flyball, 8LD, EV 95.0 MPH)
Runner from 2nd tags up, SAFE at 3rd with throw by CF
Batting: LHB Robbie Brendle 0-0: Ball
1-0: Foul Ball, location: 2F
1-1: Foul Ball, location: 2F
1-2: Strikes out looking
Top of the 5th over - 1 run, 2 hits, 0 errors, 2 left on base; Vancouver 2 - Panama City 1
BOTTOM OF THE 5TH
Panama City Piranhas batting - Pitching for Vancouver Grey Wolves : RHP Jason Hartridge
Batting: LHB Oasiz Wiesblatt 0-0: Ball
1-0: Ball
2-0: Foul Ball, location: 2F
2-1: Fly out, F9 (Flyball, 9D, EV 101.9 MPH)
Batting: RHB Kieran Hansen 0-0: Swinging Strike
0-1: Foul Ball, location: 2F
0-2: Ball
1-2: Ball
2-2: SINGLE (Flyball, 34D, EV 88.1 MPH)
Batting: RHB Blaze Alexander 0-0: Swinging Strike
0-1: Swinging Strike
0-2: Foul Ball, location: 2F
0-2: Ball
1-2: Ball
2-2: Strikes out swinging
Batting: RHB Cleveland Kraut 0-0: Ball
1-0: Ball
2-0: Called Strike
2-1: Foul Ball, location: 2F
2-2: Foul Ball, location: 2F
2-2: Foul Ball, location: 2F
2-2: Ground out U3 (Groundball, 34S, EV 80.6 MPH)
Bottom of the 5th over - 0 runs, 1 hit, 0 errors, 1 left on base; Vancouver 2 - Panama City 1
TOP OF THE 6TH
Vancouver Grey Wolves batting - Pitching for Panama City Piranhas : RHP Masahiro Sakei
Batting: LHB Javier Sánchez 0-0: Foul Ball, location: 2F
0-1: Ground out 6-3 (Groundball, 6, EV 85.0 MPH)
Batting: RHB Rafael Maldonado 0-0: Fly out, F8 (Flyball, 8RM, EV 90.0 MPH)
Batting: LHB Cameron Woolever 0-0: Ground out U3 (Groundball, 3, EV 87.5 MPH)
Top of the 6th over - 0 runs, 0 hits, 0 errors, 0 left on base; Vancouver 2 - Panama City 1
BOTTOM OF THE 6TH
Panama City Piranhas batting - Pitching for Vancouver Grey Wolves : RHP Jason Hartridge
Batting: RHB Hyeon-cheong Kim 0-0: Ball
1-0: Called Strike
1-1: Swinging Strike
1-2: Ball
2-2: Ground out 3-1 (Groundball, 34, EV 87.5 MPH)
Pitching: RHP Haweeyo Nasteexo
Batting: LHB Ashley Thachi 0-0: Swinging Strike
0-1: Ball
1-1: Ball
2-1: Ball
3-1: Foul Ball, location: 2F
3-2: Ground out 4-3 (Groundball, 4S, EV 63.8 MPH)
Batting: RHB Carsello Scruggins 0-0: Called Strike
0-1: Ball
1-1: Ball
2-1: Ball
3-1: Base on Balls
Batting: RHB Chrysler Rodriguez 0-0: Called Strike
0-1: Ball
1-1: Swinging Strike
1-2: Ball
2-2: Ball
3-2: Base on Balls
Carsello Scruggins to second
Batting: RHB Luke Thornton 0-0: Ball
1-0: SINGLE (Line Drive, 9S, EV 108.1 MPH)
Carsello Scruggins to third
Chrysler Rodriguez to second
Batting: LHB Oasiz Wiesblatt 0-0: Foul Ball, location: 2F
0-1: SINGLE (Groundball, 56S, EV 71.2 MPH) (infield hit)
Carsello Scruggins scores
Chrysler Rodriguez to third
Luke Thornton to second
Batting: RHB Kieran Hansen 0-0: Ball
1-0: Called Strike
1-1: Fly out, F8 (Flyball, 8LD, EV 94.4 MPH)
Bottom of the 6th over - 1 run, 2 hits, 0 errors, 3 left on base; Vancouver 2 - Panama City 2
TOP OF THE 7TH
Vancouver Grey Wolves batting - Pitching for Panama City Piranhas : RHP Masahiro Sakei
Batting: RHB Phil van Oosterom 0-0: Called Strike
0-1: Called Strike
0-2: SINGLE (Flyball, 9LM, EV 96.2 MPH)
Batting: RHB David Stone 0-0: Ball
1-0: SINGLE (Line Drive, 4MD, EV 95.0 MPH)
Phil van Oosterom to second
Runner from 2nd tries for 3rd, SAFE, no throw by CF
Batting: RHB Kevin Malone 0-0: Ball
1-0: Foul Ball, location: 2F
1-1: Ground out 5-3 (Groundball, 56S, EV 84.4 MPH)
David Stone to second
Batting: LHB Yoritomo Sato 0-0: Called Strike
0-1: Ball
1-1: Swinging Strike
1-2: Foul Ball, location: 2F
1-2: SINGLE (Groundball, 6, EV 90.0 MPH) (infield hit)
Phil van Oosterom scores
David Stone to third
Pitching: RHP José Rosales
Batting: LHB José Arras 0-0: Swinging Strike
0-1: Swinging Strike
0-2: Ball
1-2: Foul Ball, location: 2F
1-2: Foul Ball, location: 2F
1-2: Foul Ball, location: 2F
1-2: Ball
2-2: Ball
3-2: Ground out 4-3 (Groundball, 4M, EV 102.5 MPH)
David Stone scores
Yoritomo Sato to second
Batting: LHB Robbie Brendle 0-0: Called Strike
0-1: Ball
1-1: Fly out, F9 (Flyball, 9S, EV 92.5 MPH)
Top of the 7th over - 2 runs, 3 hits, 0 errors, 1 left on base; Vancouver 4 - Panama City 2
BOTTOM OF THE 7TH
Panama City Piranhas batting - Pitching for Vancouver Grey Wolves : RHP Haweeyo Nasteexo
Batting: RHB Blaze Alexander 0-0: Ball
1-0: Foul Ball, location: 2F
1-1: Ball
2-1: Ball
3-1: Foul Ball, location: 2F
3-2: Foul Ball, location: 2F
3-2: Strikes out looking
Batting: RHB Cleveland Kraut 0-0: Ball
1-0: Called Strike
1-1: Called Strike
1-2: Strikes out looking
Batting: RHB Hyeon-cheong Kim 0-0: Called Strike
0-1: Ball
1-1: Ball
2-1: Foul Ball, location: 2F
2-2: Foul Ball, location: 2F
2-2: Hit by Pitch
Batting: LHB Ashley Thachi 0-0: Called Strike
0-1: Swinging Strike
0-2: Ball
1-2: Ball
2-2: Foul Ball, location: 2F
2-2: Strikes out swinging
Bottom of the 7th over - 0 runs, 0 hits, 0 errors, 1 left on base; Vancouver 4 - Panama City 2
TOP OF THE 8TH
Vancouver Grey Wolves batting - Pitching for Panama City Piranhas : RHP José Rosales
Batting: LHB Javier Sánchez 0-0: Called Strike
0-1: Ball
1-1: Foul Ball, location: 2F
1-2: Foul Ball, location: 2F
1-2: Ball
2-2: Ground out 4-3 (Groundball, 4, EV 82.5 MPH)
Batting: RHB Rafael Maldonado 0-0: Ground out 1-3 (Groundball, 13S, EV 76.9 MPH)
Batting: LHB Cameron Woolever 0-0: Foul Ball, location: 2F
0-1: Foul Ball, location: 2F
0-2: Ball
1-2: Foul Ball, location: 2F
1-2: Foul Ball, location: 2F
1-2: Ball
2-2: Ball
3-2: Base on Balls
Batting: RHB Phil van Oosterom 0-0: Called Strike
Cameron Woolever steals 2nd base (no throw)
0-1: Foul Ball, location: 2F
0-2: Fly out, F9 (Flyball, 9, EV 92.5 MPH)
Top of the 8th over - 0 runs, 0 hits, 0 errors, 1 left on base; Vancouver 4 - Panama City 2
BOTTOM OF THE 8TH
Panama City Piranhas batting - Pitching for Vancouver Grey Wolves : RHP Haweeyo Nasteexo
Batting: RHB Carsello Scruggins 0-0: Called Strike
0-1: Ground out 6-3 (Groundball, 6, EV 83.8 MPH)
Batting: RHB Chrysler Rodriguez 0-0: Ball
1-0: Swinging Strike
1-1: Swinging Strike
1-2: Ball
2-2: Foul Ball, location: 2F
2-2: Strikes out looking
Pitching: RHP Ainanani Oliwa
Batting: RHB Luke Thornton 0-0: Called Strike
0-1: Swinging Strike
0-2: Ground out 3-1 (Groundball, 34, EV 98.1 MPH)
Bottom of the 8th over - 0 runs, 0 hits, 0 errors, 0 left on base; Vancouver 4 - Panama City 2
TOP OF THE 9TH
Vancouver Grey Wolves batting - Pitching for Panama City Piranhas : RHP José Rosales
Batting: RHB David Stone 0-0: Ball
1-0: Ball
2-0: Ball
3-0: Called Strike
3-1: Swinging Strike
3-2: Foul Ball, location: 2F
3-2: Strikes out swinging
Batting: RHB Kevin Malone 0-0: Fly out, F6 (Line Drive, 6, EV 69.4 MPH)
Batting: LHB Yoritomo Sato 0-0: Ball
1-0: Ball
2-0: SINGLE (Line Drive, 78S, EV 93.8 MPH)
Batting: LHB José Arras 0-0: Swinging Strike
0-1: Ball
1-1: Ball
2-1: SINGLE (Groundball, 4MD, EV 95.0 MPH)
Yoritomo Sato to second
Runner from 2nd tries for 3rd, SAFE, throw by CF made to third
Batting: LHB Robbie Brendle 0-0: Ball
1-0: Foul Ball, location: 2F
1-1: Foul Ball, location: 2F
1-2: Strikes out swinging
Top of the 9th over - 0 runs, 2 hits, 0 errors, 2 left on base; Vancouver 4 - Panama City 2
BOTTOM OF THE 9TH
Panama City Piranhas batting - Pitching for Vancouver Grey Wolves : RHP Ainanani Oliwa
Now at 3B: Alejandro Cantú
Now in LF: Hani Azwan
Batting: LHB Oasiz Wiesblatt 0-0: Foul Ball, location: 2F
0-1: Ball
1-1: Foul Ball, location: 2F
1-2: Foul Ball, location: 2F
1-2: Ball
2-2: Ball
3-2: Base on Balls
Batting: RHB Kieran Hansen 0-0: Called Strike
0-1: Ball
1-1: Called Strike
1-2: Ball
2-2: SINGLE (Groundball, 6MD, EV 103.8 MPH)
Oasiz Wiesblatt to second
Pinch Runner at 2nd Lupo Cotto:
Batting: RHB Blaze Alexander 0-0: Ball
1-0: Called Strike
1-1: Foul Ball, location: 2F
1-2: Ball
2-2: Fly out, F8 (Flyball, 78S, EV 93.1 MPH)
Batting: RHB Cleveland Kraut 0-0: Ball
1-0: Called Strike
1-1: Ball
2-1: Called Strike
2-2: DOUBLE (Line Drive, 9LS, EV 89.4 MPH)
Lupo Cotto scores
Kieran Hansen to third
Pitching: LHP Ángel Flores
Batting: RHB Hyeon-cheong Kim 0-0: Ball
1-0: Ball
2-0: Ball
3-0: Called Strike
3-1: Base on Balls
Batting: LHB Ashley Thachi 0-0: Ball
1-0: Ball
2-0: Called Strike
2-1: Called Strike
2-2: Foul Ball, location: 2F
2-2: Foul Ball, location: 2F
2-2: Fly out, F7 (Flyball, 7LM, EV 110.6 MPH)
Runner from 3rd tags up, SCORES, no throw by LF
Batting: RHB Carsello Scruggins 0-0: Foul Ball, location: 2F
0-1: Fly out, F8 (Line Drive, 8RD, EV 93.8 MPH)
Bottom of the 9th over - 2 runs, 2 hits, 0 errors, 2 left on base; Vancouver 4 - Panama City 4
TOP OF THE 10TH
Vancouver Grey Wolves batting - Pitching for Panama City Piranhas : RHP José Rosales
Now at 1B: Lupo Cotto
Batting: LHB Javier Sánchez 0-0: Foul Ball, location: 2F
0-1: Called Strike
0-2: Foul Ball, location: 2F
0-2: Ball
1-2: Fly out, F7 (Flyball, 7LS, EV 98.1 MPH)
Pinch Hitting: LHB Henry Buckley 0-0: Called Strike
0-1: Fly out, F7 (Flyball, 7LM, EV 90.0 MPH)
Batting: LHB Cameron Woolever 0-0: Called Strike
0-1: Foul Ball, location: 2F
0-2: Ball
1-2: Foul Ball, location: 2F
1-2: Ball
2-2: Ground out 4-3 (Groundball, 34D, EV 82.5 MPH)
Top of the 10th over - 0 runs, 0 hits, 0 errors, 0 left on base; Vancouver 4 - Panama City 4
BOTTOM OF THE 10TH
Panama City Piranhas batting - Pitching for Vancouver Grey Wolves : LHP Ángel Flores
Now at 1B: Henry Buckley
Batting: RHB Chrysler Rodriguez 0-0: Ball
1-0: Ball
2-0: Ball
3-0: Base on Balls
Batting: RHB Luke Thornton 0-0: SINGLE (Groundball, 5L, EV 103.1 MPH)
Chrysler Rodriguez to second
Batting: SHB Lupo Cotto 0-0: Foul Ball, location: 2F
0-1: Ball
1-1: SINGLE (Groundball, 6MD, EV 101.2 MPH)
Chrysler Rodriguez to third
Luke Thornton to second
Batting: RHB Kieran Hansen 0-0: Called Strike
0-1: Grounds into double play, 5-2-3 (Groundball, 56S, EV 78.8 MPH)
Luke Thornton to third
Lupo Cotto to second
Batting: RHB Blaze Alexander 0-0: Ball
1-0: Ball
2-0: Foul Ball, location: 2F
2-1: Ball
3-1: SINGLE (Line Drive, 78S, EV 98.1 MPH)
Luke Thornton scores
Tuesday, January 5th, 2021 - OOTP Baseball 20.8 Build 74